 Dungeon Crawl Stone Soup version 0.25-a0-41-g6cf4ce537d (webtiles) character file.

Game seed: 15140661554557422632, levelgen mode: deterministic

177 Alarkh the Slasher (level 5, 25/41 HPs)
             Began as a Demonspawn Fighter on Oct 21, 2019.
             Got out of the dungeon alive.
             The game lasted 00:01:32 (2514 turns).

Alarkh the Slasher (Demonspawn Fighter)             Turns: 2514, Time: 00:01:33

Health: 25/41      AC:  6    Str: 17    XL:     5   Next: 30%
Magic:  5/5        EV:  9    Int: 10    God:
Gold:   220        SH:  8    Dex: 12    Spells: 4/4 levels left

rFire    . . .     SeeInvis .   a - +0 long sword
rCold    . . .     Gourm    .   c - +0 shield
rNeg     . . .     Faith    .   b - +0 scale mail
rPois    .         Spirit   +   (no helmet)
rElec    .         Reflect  .   (no cloak)
rCorr    .         Harm     .   (no gloves)
MR       .....                  (no boots)
Stlth    ..........             (no amulet)
HPRegen  0.13/turn              (no ring)
MPRegen  0.09/turn              (no ring)

@: no status effects
A: repulsion field 2, magic shield
a: no special abilities


You escaped.
You were hungry.

You visited 1 branch of the dungeon, and saw 3 of its levels.

You collected 220 gold pieces.

Inventory:

Hand Weapons
 a - a +0 long sword (weapon)
Armour
 b - a +0 scale mail (worn)
 c - a +0 shield (worn)
Scrolls
 e - 3 scrolls of remove curse {unknown}
 g - 2 scrolls of identify {unknown}
 h - 2 scrolls of blinking {unknown}
 k - a scroll of random uselessness {unknown}
 n - a scroll of immolation {unknown}
 o - 2 scrolls of teleportation {unknown}
 p - a scroll of amnesia {unknown}
 s - a scroll of fear {unknown}
Potions
 d - a potion of might
 i - 2 potions of cancellation
 l - 2 potions of magic {unknown}
 m - 5 potions of heal wounds
 q - a potion of flight {unknown}
 r - a potion of haste {unknown}
Comestibles
 f - 7 rations


   Skills:
 - Level 3.0 Fighting
 + Level 5.1 Long Blades
 - Level 2.6 Armour
 - Level 2.6 Shields


You had 4 spell levels left.
You didn't know any spells.
Your spell library was empty.

Dungeon Overview and Level Annotations

Branches:
Dungeon (3/15)

Altars:


Innate Abilities, Weirdness & Mutations

You are surrounded by a moderate repulsion field. (EV +3)
When hurt, damage is shared between your health and your magic reserves.


Message History

Natasha casts a spell at you. The magic dart hits you! Natasha claws you!
You hit Natasha.
You kill Natasha!
Natasha screams in fury as she dies!
The white imp disappears in a puff of smoke!
Your Long Blades skill increases to level 5!
There is a stone staircase leading up here.
You climb upwards.
There is a stone staircase leading down here.
(D) Dungeon
Where to? (Enter - D:1, ? - help) Magic restored.
You feel yourself speed up.
There is a stone staircase leading up here.
You climb upwards.
Magic restored.
There is a stone staircase leading down here.
There is a staircase leading out of the dungeon here.
Are you sure you want to leave the Dungeon?
This will make you lose the game!
You have escaped!

###### #.###.## #.. #####.###..#
#.. #........#.# #..
#........#.## #.. #........#..#
#.. #........##.# #..
#........##.####..
######...........).
############>@##########.###.#
####......................#......
..##...##..##......##..##.##.##.#
#.##......................##.##.#
#.##...######......######.##.##.#
#.##.....(................##.....
#.##.####################.##..#.#
#.##.######## #................
#...........# #.###########....


There were no monsters in sight!

Vanquished Creatures
  Natasha (twice) (D:3)
  7 adders (D:2)
  2 dart slugs
  2 leopard geckos
  An orc (D:3)
  A giant cockroach (D:1)
  4 goblins
  5 hobgoblins (D:1)
  10 jackals
  A quokka (D:2)
  A ball python (D:3)
  9 bats
  2 frilled lizards
  5 kobolds
  6 rats
58 creatures vanquished.

Notes
Turn   | Place    | Note
-------+----------+-------------------------------------------
     0 | D:1      | Alarkh the Demonspawn Fighter began the quest for the Orb.
     0 | D:1      | Reached XP level 1. HP: 18/18 MP: 1/1
    34 | D:1      | Reached skill level 2 in Long Blades
   285 | D:1      | Gained mutation: You are surrounded by a mild repulsion
                  | field. (EV +2) [demonic ancestry]
   285 | D:1      | Reached XP level 2. HP: 23/24 MP: 2/2
   637 | D:1      | Reached skill level 3 in Long Blades
  1069 | D:2      | Gained mutation: You are surrounded by a moderate repulsion
                  | field. (EV +3) [demonic ancestry]
  1069 | D:2      | Reached XP level 3. HP: 25/29 MP: 3/3
  1359 | D:2      | Reached XP level 4. HP: 23/35 MP: 4/4
  1412 | D:2      | Reached skill level 4 in Long Blades
  2408 | D:3      | Noticed Natasha
  2415 | D:3      | Killed Natasha
  2415 | D:3      | Gained mutation: When hurt, damage is shared between your
                  | health and your magic reserves. [demonic ancestry]
  2415 | D:3      | Reached XP level 5. HP: 33/41 MP: 5/5
  2482 | D:3      | Noticed Natasha
  2496 | D:3      | Killed Natasha
  2496 | D:3      | Reached skill level 5 in Long Blades
  2514 | D:$      | Got out of the dungeon alive.

Levels and vault maps discovered:
D:1:      dpeg_arrival_line_fractal, layout_basic
D:2:      minmay_spotlight, layout_basic
D:3:      layout_loops_corners, first_ration, uniq_natasha

Skill      XL: |  1  2  3  4  5 |
---------------+----------------+-----
Long Blades    | 2 3 4 5 |  5.1
Fighting       | |  3.0
Armour         | |  2.6
Shields        | |  2.6

Action                   |  1- 3 |  4- 6 || total
-------------------------+-------+-------++-------
Melee: Long sword        |   142 |    97 ||   239
  Use: Potion            |     2 |       ||     2
  Eat: Chunk             |     2 |     3 ||     5
Armor: Scale mail        |    45 |    30 ||    75
Dodge: Dodged            |    65 |    50 ||   115
Block: Shield            |    79 |    40 ||   119
       Rpst.: Long sword |    30 |    11 ||    41

Table legend:
 A = Non-vault XP
 B = Vault XP
 C = Vault XP percentage of total XP
 D = Non-vault monster count
 E = Vault monster count
 F = Vault count percentage of total count
                 A         B        C        D         E       F
            +---------+---------+-------+---------+---------+-------
      Total |     198 |      55 |  21.7 |      52 |       6 |  10.3
            +---------+---------+-------+---------+---------+-------
        D:1 |      40 |       0 |   0.0 |      22 |       0 |   0.0
        D:2 |     100 |      20 |  16.7 |      17 |       5 |  22.7
        D:3 |      58 |      35 |  37.6 |      13 |       1 |   7.1
            +---------+---------+-------+---------+---------+-------
